 Dungeon Crawl Stone Soup version 0.29.1-2-gbd0b4ee654 (webtiles) character file.

Game seed: 9261470505689382523

2069 GigaChad the Cleaver (level 9, -4/75 (78) HPs)
             Began as a Minotaur Fighter on Nov 21, 2022.
             Was a Priest of Makhleb.
             Succumbed to an orc warrior's poison
             ... on level 6 of the Dungeon.
             The game lasted 00:13:03 (4572 turns).

GigaChad the Cleaver (Minotaur Fighter)             Turns: 4572, Time: 00:13:03

HP:   -4/75 (78)    AC: 11    Str: 25    XL:     9   Next: 5%
MP:   8/8           EV:  8    Int:  5    God:    Makhleb [***...]
Gold: 419           SH:  5    Dex: 10    Spells: 8/8 levels left

rFire   . . .      SeeInvis .   a - +3 war axe
rCold   . . .      Faith    .   c - +0 buckler
rNeg    . . .      Spirit   .   t - +0 chain mail
rPois   .          Reflect  .   (helmet restricted)
rElec   .          Harm     .   (no cloak)
rCorr   .          Rampage  .   (no gloves)
Will    .....                   (no boots)
Stlth   ..........              l - amulet of regeneration
HPRegen 1.02/turn               (no ring)
MPRegen 0.11/turn               (no ring)

@: lethally poisoned (-4 -> -27), lightly drained
A: horns 2, retaliatory headbutt
a: Renounce Religion, Minor Destruction, Lesser Servant of Makhleb


You were on level 6 of the Dungeon.
You worshipped Makhleb.
Makhleb was most pleased with you.
You visited 1 branch of the dungeon, and saw 6 of its levels.

You collected 419 gold pieces.

Inventory:

Hand Weapons
 a - a +3 war axe (weapon)
 w - a +0 short sword
 C - a +2 dire flail of holy wrath
Armour
 b - a +0 scale mail
 c - a +0 buckler (worn)
 t - a +0 chain mail (worn)
Jewellery
 i - a ring of willpower
 k - the ring "Nequck" {+Blink rElec Dex+6}
   (You found it on level 4 of the Dungeon)

   [ring of dexterity]

   Dex:       It affects your dexterity (+6).
   rElec:     It insulates you from electricity.
   +Blink:    It lets you blink.
 l - an amulet of regeneration (around neck)
 p - a ring of fire
 q - a ring of protection from cold
 B - a ring of see invisible
Scrolls
 f - 3 scrolls of teleportation
 m - a scroll of magic mapping
 n - 2 scrolls of vulnerability
 r - a scroll of silence
 s - a scroll of immolation {unknown}
 u - a scroll of amnesia
 y - a scroll of blinking {unknown}
 D - a scroll of noise {unknown}
 E - a scroll of identify
Potions
 d - 2 potions of might
 e - 2 potions of magic {unknown}
 g - a potion of cancellation {unknown}
 h - a potion of resistance {unknown}
 j - 3 potions of heal wounds {unknown}
 o - 2 potions of curing {unknown}
 v - a potion of attraction {unknown}
 x - a potion of brilliance {unknown}
 z - 2 potions of degeneration {unknown}
 A - 4 potions of mutation {unknown}


   Skills:
 + Level 6.4 Fighting
 + Level 9.6 Axes
 + Level 8.2 Armour
 - Level 0.9 Dodging
 * Level 6.6 Shields


You had 8 spell levels left.
You didn't know any spells.
Your spell library contained the following spells:

 Spells                   Type           Power      Damage    Failure   Level
 Freezing Cloud           Conj/Ice/Air   0%         6-21      100%        5
 Simulacrum               Ice/Necr       0%         N/A       100%        6
 Polar Vortex             Ice            0%         N/A       100%        9


Dungeon Overview and Level Annotations

Branches:
Dungeon (6/15)
 Temple: D:4-7

Altars:
Kikubaaqudgha
Makhleb

Shops:
D:6 ?


Innate Abilities, Weirdness & Mutations

You have a pair of horns on your head.
You reflexively headbutt those who attack you in melee.


Message History

The orc warrior is moderately wounded.
The orc warrior hits you with a +0 trident of venom!
You are poisoned.
The orc warrior hits you with a +0 trident of venom.
You are more poisoned.
You hit the orc warrior.
The orc warrior is moderately wounded.
You feel extremely sick.
The orc warrior hits you with a +0 trident of venom!
You are more poisoned.
You hit the orc warrior but do no damage.
The orc warrior is moderately wounded.
You feel extremely sick.
An orc priest comes into view. It is wielding a +0 dagger.
The orc warrior closely misses you.
The orc priest shouts!
You hit the orc warrior.
The orc warrior is heavily wounded.
You feel very sick.
You hear a shout!
The orc warrior closely misses you. You furiously retaliate!
You headbutt the orc warrior. You closely miss the orc warrior.
You headbutt the orc warrior.
The orc warrior is severely wounded.
You feel very sick. The orc warrior barely misses you.
You hit the orc warrior but do no damage.
You headbutt the orc warrior.
The orc warrior is almost dead.
You feel very sick.
A sky beast appears from thin air!
Reactivating autopickup.
The orc warrior hits you with a +0 trident of venom!
* * * LOW HITPOINT WARNING * * *
You are more poisoned.
You slash the orc warrior!
You kill the orc warrior!
Makhleb accepts your kill.
You can now summon a lesser servant of Makhleb.
You die...

#.. . #.# .# # #.###.#.#
#####.#.....#
#######.......{...#
#..........Yo.Y....
#....†....o.#
#..####.###)# #..# #.# #@#
#..####.# #.# .#..#
##....##.###.##. ..#
##............... ..#
####.......#...#.#.. #.#
#...........#..#.#.# #.#
#)##........#..#.#.# #.#
#.###..........#.#.# #.#
#.#
#..........#.#.###.######.


You could see a sky beast, an orc priest and an orc.

Vanquished Creatures
  Eustachio (D:5)
  A steam dragon (D:4)
  Edmund (D:5)
  Menkaure (D:6)
  A water moccasin (D:6)
  Duvessa (D:5)
  An orc warrior (D:6)
  5 black bears
  An ice beast (D:6)
  A sky beast (D:6)
  An ogre (D:4)
  A phantom (D:3)
  A necrophage (D:6)
  Dowan (D:5)
  3 hounds
  A jelly (D:4)
  A gnoll bouda (D:6)
  2 iguanas
  Robin (D:3)
  5 gnolls
  5 adders
  4 worms
  2 dart slugs
  2 orcs
  12 ball pythons
  7 bats
  10 endoplasms
  2 giant cockroaches
  6 hobgoblins
  5 jackals (D:3)
  7 quokkas
  3 frilled lizards
  9 goblins
  9 kobolds
  3 rats
117 creatures vanquished.

Vanquished Creatures (others)
  A human (D:6)
  An orc (D:4)
2 creatures vanquished.

Grand Total: 119 creatures vanquished

Notes
Turn   | Place    | Note
-------+----------+-------------------------------------------
     0 | D:1      | GigaChad the Minotaur Fighter began the quest for the Orb.
     0 | D:1      | Reached XP level 1. HP: 19/19 MP: 0/0
   147 | D:1      | Reached XP level 2. HP: 18/27 MP: 1/1
  1078 | D:1      | Reached XP level 3. HP: 33/33 MP: 2/2
  1750 | D:2      | Reached skill level 3 in Axes
  1777 | D:2      | Reached XP level 4. HP: 40/40 MP: 3/3
  1812 | D:3      | Found a faded altar of an unknown god.
  1815 | D:3      | Prayed at the altar of an unknown god.
  1815 | D:3      | Became a worshipper of Makhleb the Destroyer
  1815 | D:3      | Reached * piety under Makhleb
  1924 | D:3      | Noticed Robin
  1928 | D:3      | Killed Robin
  2171 | D:3      | Reached ** piety under Makhleb
  2219 | D:3      | Noticed a phantom
  2232 | D:3      | Killed a phantom
  2233 | D:3      | Reached skill level 4 in Axes
  2233 | D:3      | Reached XP level 5. HP: 41/47 MP: 4/4
  2654 | D:4      | Noticed an ogre
  2664 | D:4      | Killed an ogre
  2665 | D:4      | Reached skill level 5 in Axes
  2665 | D:4      | Reached skill level 5 in Armour
  2665 | D:4      | Reached XP level 6. HP: 23/55 MP: 5/5
  2971 | D:4      | Noticed a steam dragon
  2975 | D:4      | Killed a steam dragon
  2976 | D:4      | Reached skill level 5 in Fighting
  2976 | D:4      | Reached skill level 5 in Shields
  3121 | D:4      | Identified the ring "Nequck" {+Blink rElec Dex+6}
  3282 | D:4      | Reached skill level 6 in Axes
  3286 | D:4      | Reached XP level 7. HP: 52/61 MP: 6/6
  3501 | D:5      | Entered Level 5 of the Dungeon
  3549 | D:5      | Noticed Eustachio
  3567 | D:5      | Killed Eustachio
  3593 | D:5      | Noticed Duvessa
  3594 | D:5      | Noticed Dowan
  3605 | D:5      | Killed Duvessa
  3606 | D:5      | Reached skill level 7 in Axes
  3623 | D:5      | Killed Dowan
  3815 | D:5      | Reached XP level 8. HP: 70/70 MP: 7/7
  3949 | D:5      | Noticed Edmund
  3958 | D:5      | Killed Edmund
  4011 | D:5      | Reached skill level 8 in Axes
  4253 | D:6      | Found an ancient bone altar of Kikubaaqudgha.
  4306 | D:6      | Noticed Menkaure
  4316 | D:6      | Killed Menkaure
  4317 | D:6      | Reached skill level 9 in Axes
  4399 | D:6      | Found Ciycu's Magic Scroll Boutique.
  4488 | D:6      | Reached XP level 9. HP: 71/78 MP: 8/8
  4571 | D:6      | HP: 2/75 [orc warrior/+0 trident of venom (14)]
  4572 | D:6      | Reached *** piety under Makhleb
  4572 | D:6      | Succumbed to an orc warrior's poison

Illustrated notes

Levels and vault maps discovered:
D:1:      heliophobic_arrival_enchanted_forest, layout_basic
D:2:      layout_basic
D:3:      layout_basic, nicolae_ecumenical_oubliette, kennysheep_potato,
          uniq_robin
D:4:      layout_rooms, minmay_small_thing
D:5:      layout_basic, serial_curves, eino_curves_04, eino_curves_03,
          minmay_misc_feat_nine_boxes, uniq_eustachio, uniq_edmund, uniq_duvessa
D:6:      layout_loops_ring, tgw_kikubaaqudgha, gup_sewer_entry_bubbles,
          serial_shops, nicolae_shop_trees, uniq_prince_ribbit1, uniq_menkaure

Skill      XL: |  1  2  3  4  5  6  7  8 |
---------------+-------------------------+-----
Armour         | 4 5 7 8 |  8.2
Shields        | 4 5 6 |  6.6
Fighting       | 4 5 6 |  6.4
Axes           | 3 4 5 6 7 9 |  9.6
Dodging        | |  0.9

Action                   |  1- 3 |  4- 6 |  7- 9 || total
-------------------------+-------+-------+-------++-------
Melee: War axe           |    80 |    95 |   118 ||   293
       Headbutt          |     8 |    17 |    26 ||    51
  Use: Scroll            |     3 |     5 |       ||     8
Armor: Scale mail        |    38 |    28 |       ||    66
       Chain mail        |       |    49 |    86 ||   135
Dodge: Dodged            |    39 |    62 |    73 ||   174
Block: Buckler           |    27 |    27 |    27 ||    81
